 Dungeon Crawl Stone Soup version 0.31-a0-193-gdfe2569204 (webtiles) character file.

Game seed: 6041084510727237470

179 qw the Skirmisher (level 5, 0/29 HPs)
             Began as a Deep Elf Hunter on June 24, 2023.
             Slain by an iguana (10 damage)
             ... on level 4 of the Dungeon.
             The game lasted 00:00:59 (2079 turns).

qw the Skirmisher (Deep Elf Hunter)                 Turns: 2079, Time: 00:01:00

Health: 0/29       AC:  6    Str: 10    XL:     5   Next: 32%
Magic:  7/7        EV:  9    Int: 14    God:
Gold:   135        SH:  0    Dex: 18    Spells: 4/4 levels left

rFire   . . .        Y - +0 shortbow
rCold   . . .        (shield currently unavailable)
rNeg    . . .        f - +0 scale mail
rPois   .            (no helmet)
rElec   .            (no cloak)
rCorr   .            (no gloves)
SInv    .            (no boots)
Will    .....        (no amulet)
Stlth   +            (no ring)
HPRegen 0.24/turn    (no ring)
MPRegen 0.10/turn

%: no passive effects
@: no status effects
A: no striking features
a: no special abilities


You were on level 4 of the Dungeon.
You visited 1 branch of the dungeon, and saw 5 of its levels.

You collected 135 gold pieces.


   Skills:
 - Level 1.5 Fighting
 + Level 8.8 Ranged Weapons
 - Level 2.4 Dodging
 - Level 1.2 Stealth


You had 4 spell levels left.
You didn't know any spells.
Your spell library was empty.

Inventory:

Hand Weapons
 Y - a +0 shortbow (weapon)
Armour
 f - a +0 scale mail (worn)
Jewellery
 b - a ring of ice
Scrolls
 g - a scroll of teleportation
Potions
 a - a potion of ambrosia {unknown}
 c - a potion of might {unknown}
 d - a potion of attraction {unknown}
 e - a potion of degeneration {unknown}

Dungeon Overview and Level Annotations

Branches:
Dungeon (5/15)
 Temple: D:4-7

Altars:
Makhleb
Xom

Annotations:
D:1 1 runed translucent door


Message History

Enter note:
There is an escape hatch in the floor here.
An iguana comes into view.
The iguana hisses angrily.
Enter note:
Enter note: You shoot an arrow.
The arrow barely misses the iguana.
You shoot an arrow. The arrow hits the iguana.
The iguana is moderately wounded.
The iguana closely misses you.
You shoot an arrow. The arrow completely misses the iguana.
The iguana barely misses you.
You shoot an arrow.
The arrow hits the iguana but does no damage.
The iguana is moderately wounded.
The iguana bites you!
You shoot an arrow. The arrow barely misses the iguana.
The iguana bites you but does no damage.
The iguana barely misses you.
You shoot an arrow. The arrow barely misses the iguana.
The iguana bites you.
You shoot an arrow.
The arrow hits the iguana but does no damage.
The iguana is moderately wounded.
The iguana bites you.
You shoot an arrow.
The arrow hits the iguana but does no damage.
The iguana is moderately wounded.
The iguana barely misses you.
You shoot an arrow. The arrow hits the iguana.
The iguana is heavily wounded.
The iguana barely misses you. The iguana bites you.
You shoot an arrow. The arrow hits the iguana.
The iguana is severely wounded.
The iguana bites you!
You shoot an arrow.
The arrow hits the iguana but does no damage.
The iguana is severely wounded.
The iguana bites you!
You die...

# #.# #.#.
##...
......
#....###
#...l.# #@#
#.# #+# #.#
#.# #.#
###.# #.#
.##.#######
#.#
.#......).#
#.#
......###.#
#.# .#...##
#.# #.#


You could see an iguana.

Vanquished Creatures
  A crimson imp (D:3)
  A hound (D:4)
  5 adders
  A worm (D:2)
  2 dart slugs
  2 orcs (D:3)
  4 endoplasms
  7 giant cockroaches
  5 hobgoblins
  9 kobolds
  4 ball pythons
  2 bats
  9 frilled lizards
  7 goblins
  4 rats
63 creatures vanquished.

Notes
Turn   | Place    | Note
-------+----------+-------------------------------------------
     0 | D:1      | qw the Deep Elf Hunter began the quest for the Orb.
     0 | D:1      | Reached XP level 1. HP: 12/12 MP: 3/3
     0 | D:1      | 0 ||| qw: Version: 0.3-a-9-g12657ce
     0 | D:1      | 0 ||| qw: Game counter: 4671
     0 | D:1      | 0 ||| qw: Always use a shield: true
     0 | D:1      | 0 ||| qw: God list: Okawaru
     0 | D:1      | 0 ||| qw: Allow faded altars: false
     0 | D:1      | 0 ||| qw: Do Orc after D:15 true
     0 | D:1      | 0 ||| qw: Do second Lair branch before Depths: true
     0 | D:1      | 0 ||| qw: Lair rune preference: random
     0 | D:1      | 0 ||| qw: Plans: Normal
     0 | D:1      | 0 ||| PLANNING D:1-11
     1 | D:1      | Found a runed translucent door.
    88 | D:1      | Reached XP level 2. HP: 16/16 MP: 4/4
    90 | D:1      | Reached skill level 6 in Ranged Weapons
   403 | D:1      | 403 ||| UPGRADING to +0 scale mail.
   413 | D:1      | 413 ||| DROPPING +0 leather armour.
   414 | D:1      | 414 ||| READING 2 scrolls labelled VERUHE VUFYAFA.
   415 | D:1      | 415 ||| READING scroll labelled UJUCRASHRIUKE.
   416 | D:1      | 416 ||| READING scroll labelled AMADUO YLONAI.
   417 | D:1      | 417 ||| READING scroll labelled QOTISUI KURIYWK.
   453 | D:1      | 453 ||| DROPPING scroll of poison.
   454 | D:1      | 454 ||| DROPPING scroll of butterflies.
   469 | D:2      | Reached XP level 3. HP: 20/20 MP: 5/5
   496 | D:2      | Identified the +1 whip of Chagrin {spect, rCorr}
   613 | D:2      | Reached skill level 7 in Ranged Weapons
   835 | D:2      | 835 ||| FLEEEEING.
   836 | D:2      | 836 ||| FLEEEEING.
   837 | D:2      | 837 ||| FLEEEEING.
   840 | D:2      | 840 ||| FLEEEEING.
   841 | D:2      | 841 ||| FLEEEEING.
   995 | D:2      | 995 ||| READING scroll labelled UXAOCE HUAXUNN.
   996 | D:2      | 996 ||| READING scroll labelled PIJO EQEECHOGU.
  1028 | D:3      | Reached XP level 4. HP: 25/25 MP: 6/6
  1163 | D:3      | 1163 ||| FLEEEEING.
  1164 | D:3      | 1164 ||| FLEEEEING.
  1165 | D:3      | 1165 ||| FLEEEEING.
  1166 | D:3      | 1166 ||| FLEEEEING.
  1168 | D:3      | 1168 ||| FLEEEEING.
  1170 | D:3      | 1170 ||| FLEEEEING.
  1171 | D:3      | 1171 ||| FLEEEEING.
  1171 | D:3      | HP: 6/25 [poisoned by a kobold]
  1172 | D:3      | 1172 ||| FLEEEEING.
  1173 | D:3      | 1173 ||| FLEEEEING.
  1174 | D:3      | 1174 ||| FLEEEEING.
  1175 | D:3      | 1175 ||| FLEEEEING.
  1178 | D:3      | 1178 ||| STAIRDANCE
  1256 | D:2      | 1256 ||| READING scroll labelled YBIDIXKILOO.
  1262 | D:3      | 1262 ||| STAIRDANCE
  1356 | D:3      | Found a faded altar of an unknown god.
  1523 | D:3      | Found a burning altar of Makhleb.
  1524 | D:3      | Found a shimmering altar of Xom.
  1530 | D:3      | Reached skill level 8 in Ranged Weapons
  1794 | D:4      | You fall into a shaft and drop 1 floor!
  1794 | D:5      | Entered Level 5 of the Dungeon
  1949 | D:4      | Reached XP level 5. HP: 29/29 MP: 7/7
  2079 | D:4      | Slain by an iguana

Levels and vault maps discovered:
D:1:      dpeg_arrival_caged_fury, layout_rooms, hangedman_abyss_or_decor_stabs
D:2:      layout_rooms, grunt_ministairs_1, item_on_display_a
D:3:      layout_basic, grunt_temple_overflow_champion_of_chaos,
          hellmonk_ecumenical_altar_leap_of_faith
D:4:      layout_loops_corners, mainiacjoe_overflow_boulevard, minmay_rat_hole
D:5:      cheibrodos_barr_body, layout_loops_ring

Skill      XL: |  1  2  3  4 |
---------------+-------------+-----
Ranged Weapons | 6 7 8 |  8.8
Fighting       | |  1.5
Dodging        | |  2.4
Stealth        | |  1.2

Action                     |  1- 3 |  4- 6 || total
---------------------------+-------+-------++-------
   Fire: Shortbow          |   141 |    79 ||   220
    Use: Scroll            |     6 |     1 ||     7
 Armour: Leather armour    |     6 |       ||     6
         Scale mail        |    22 |    14 ||    36
  Dodge: Dodged            |    42 |    29 ||    71

Table legend:
 A = Non-vault XP
 B = Vault XP
 C = Vault XP percentage of total XP
 D = Non-vault monster count
 E = Vault monster count
 F = Vault count percentage of total count
                 A         B        C        D         E       F
            +---------+---------+-------+---------+---------+-------
      Total |     192 |      64 |  25.0 |      60 |       3 |   4.8
            +---------+---------+-------+---------+---------+-------
        D:1 |      34 |       0 |   0.0 |      22 |       0 |   0.0
        D:2 |      47 |      16 |  25.4 |      20 |       2 |   9.1
        D:3 |      20 |      48 |  70.6 |      10 |       1 |   9.1
        D:4 |      91 |       0 |   0.0 |       8 |       0 |   0.0
            +---------+---------+-------+---------+---------+-------
